[Event "GER-ch Youth U16w 2019"]
[Site "Willingen"]
[Date "2019.06.09"]
[Round "1.1"]
[White "Meijerink, Inken"]
[Black "Muedder, Melanie"]
[Result "0-1"]
[ECO "B23"]
[WhiteElo "1681"]
[BlackElo "1912"]
[Annotator "NA"]
[PlyCount "74"]
[EventDate "2019.06.07"]
[EventType "swiss"]
[EventRounds "9"]
[EventCountry "GER"]
[SourceTitle "playchess.com"]
[Source "ChessBase"]
[SourceQuality "1"]
[TimeControl "40/5400+30:1800+30"]

1. e4 c5 2. Nc3 Nc6 3. f4 g6 4. Bc4 Bg7 5. Nf3 e6 6. d3 Nge7 7. O-O O-O 8. Qe1 d5 9. Bb3 Nd4 10. Nxd4 Bxd4+ 11. Kh1 Bg7 12. Qh4 f5 13. e5 a6 14. a3 b5 15. Ba2 Qc7 16. Ne2 Nc6 17. c3 a5 18. Be3 Nd8 19. Qf2 Nb7 20. b4 axb4 21. axb4 c4 22. dxc4 bxc4 23. Rfb1 Qe7 24. Nd4 Bd7 25. b5 Rfc8 26. Qb2 Nc5 27. b6 Rab8 28. Qb4 Bf8 29. Nc2 Qd8 30. Bxc5 Bxc5 31. Qb2 Rxb6 32. Qc1 Rcb8 33. Rxb6 Rxb6 34. Rb1 Rxb1 35. Qxb1 Qb6 36. Qc1 Ba4 37. Bb1 Qb3 {[%emt 0:00:56] normal} 0-1

[Event "GER-ch Youth U16w 2019"]
[Site "Willingen"]
[Date "2019.06.09"]
[Round "1.2"]
[White "Bui, Ngoc Han Julia"]
[Black "Schneider, Katharina"]
[Result "1-0"]
[ECO "C77"]
[WhiteElo "1973"]
[BlackElo "1784"]
[Annotator "NA"]
[PlyCount "105"]
[EventDate "2019.06.07"]
[EventType "swiss"]
[EventRounds "9"]
[EventCountry "GER"]
[SourceTitle "playchess.com"]
[Source "ChessBase"]
[SourceQuality "1"]
[TimeControl "40/5400+30:1800+30"]

1. e4 e5 2. Nf3 Nc6 3. Bb5 a6 4. Ba4 Nf6 5. d3 b5 6. Bb3 Bc5 7. O-O d6 8. a4 b4 9. a5 Bg4 10. Ba4 Bd7 11. c3 O-O 12. Nbd2 Ne7 13. Bb3 bxc3 14. bxc3 Ng6 15. Nc4 Ba7 16. Be3 Qc8 17. Re1 Bg4 18. Bxa7 Rxa7 19. Ne3 Be6 20. Bc2 Ng4 21. d4 Nxe3 22. Rxe3 Bg4 23. h3 Be6 24. Ng5 Bd7 25. Qh5 h6 26. Nxf7 Rxf7 27. Qxg6 Rf6 28. Qg3 Qf8 29. dxe5 dxe5 30. Bb3+ Kh8 31. Rd1 c6 32. Red3 Be8 33. Rd8 Qe7 34. Qd3 Kh7 35. Bc4 c5 36. Qd5 Bf7 37. Qd3 Bxc4 38. Qxc4 Rf7 39. R8d6 Qh4 40. R1d2 Qf4 41. g3 Qf3 42. Qd3 Rf6 43. Rd5 Qh5 44. Kg2 Rc7 45. c4 Qe8 46. Rd6 Rc6 47. Rxf6 Rxf6 48. Qd5 Qe7 49. Rb2 Qc7 50. Rb7 Qxa5 51. Qxe5 Qa3 52. Qxf6 Kh8 53. Qxg7# {normal} 1-0

[Event "GER-ch Youth U16w 2019"]
[Site "Willingen"]
[Date "2019.06.09"]
[Round "1.4"]
[White "Khamenya, Vitalia"]
[Black "Stowicek, Yara Mathilda"]
[Result "1-0"]
[ECO "C44"]
[WhiteElo "1877"]
[BlackElo "1692"]
[Annotator "NA"]
[PlyCount "112"]
[EventDate "2019.06.07"]
[EventType "swiss"]
[EventRounds "9"]
[EventCountry "GER"]
[SourceTitle "playchess.com"]
[Source "ChessBase"]
[SourceQuality "1"]
[TimeControl "40/5400+30:1800+30"]

1. e4 e5 2. Nf3 Nc6 3. d4 exd4 4. Nxd4 Bb4+ 5. c3 Bc5 6. Be3 Bb6 7. Nf5 Qf6 8. Bxb6 axb6 9. Ne3 d6 10. Nd5 Qd8 11. c4 Nf6 12. Nbc3 O-O 13. Be2 Re8 14. f3 Be6 15. O-O Bxd5 16. cxd5 Ne5 17. Nb5 Qe7 18. Rc1 Rec8 19. a3 Ne8 20. Rf2 c6 21. Nc3 Nf6 22. dxc6 bxc6 23. Qb3 Nfd7 24. Rd1 Rcb8 25. Bf1 Nc5 26. Qc2 Rd8 27. Rfd2 Ra7 28. Na2 Rc7 29. Bc4 b5 30. Be2 Qe6 31. Qxc5 Rcd7 32. Qb4 c5 33. Qxb5 Qxa2 34. f4 Qe6 35. fxe5 Qxe5 36. Bg4 Re7 37. Qb6 Rde8 38. Bf3 Re6 39. Rxd6 Rxd6 40. Qxd6 Qxb2 41. Qxc5 g6 42. a4 Qa2 43. a5 Ra8 44. Qd5 Qxa5 45. Qxa5 Rxa5 46. Kf2 Kf8 47. Re1 Re5 48. Rd1 Ke7 49. Ke3 f5 50. Rd5 Re6 51. Kf4 fxe4 52. Bg4 Rf6+ 53. Kxe4 Rf2 54. Bf3 Ra2 55. Ke5 Ra6 56. Bg4 Ra7 {[%emt 0:01:03] normal} 1-0

[Event "GER-ch Youth U16w 2019"]
[Site "Willingen"]
[Date "2019.06.09"]
[Round "1.5"]
[White "Berelowitsch, Dana"]
[Black "Bardorz, Jana"]
[Result "0-1"]
[ECO "C91"]
[WhiteElo "1753"]
[BlackElo "1769"]
[Annotator "NA"]
[PlyCount "97"]
[EventDate "2019.06.07"]
[EventType "swiss"]
[EventRounds "9"]
[EventCountry "GER"]
[SourceTitle "playchess.com"]
[Source "ChessBase"]
[SourceQuality "1"]
[TimeControl "40/5400+30:1800+30"]

1. e4 e5 2. Nf3 Nc6 3. Bb5 a6 4. Ba4 Nf6 5. O-O Be7 6. Re1 b5 7. Bb3 d6 8. c3 O-O 9. d4 Bg4 10. Be3 Bh5 11. Bc2 Bg6 12. Bc1 Re8 13. Nbd2 Bf8 14. d5 Na5 15. b4 Nb7 16. a4 Qd7 17. Nf1 c6 18. Nh4 a5 19. axb5 cxd5 20. Nxg6 hxg6 21. Ba4 axb4 22. Bb2 Nc5 23. exd5 bxc3 24. Bxc3 Nxd5 25. Qxd5 Rxa4 26. Rxa4 Nxa4 27. Ba5 Qa7 28. Bb4 Nb6 29. Qd2 d5 30. Bc3 f6 31. Ra1 Qd7 32. Qd3 Qf5 33. Qe2 Rc8 34. Ng3 Qd7 35. Qb2 Rc5 36. Ba5 Rxb5 37. Qc2 Nc4 38. Bc3 Bb4 39. Bxb4 Rxb4 40. Qxg6 Ra4 41. Rb1 Ra8 42. Nf5 Nd6 43. Ne3 d4 44. Ng4 Kf8 45. Nxf6 gxf6 46. Qxf6+ Nf7 47. h4 Rc8 48. h5 Qc6 49. Qf5 {[%emt 0:00:28] normal} 0-1

[Event "GER-ch Youth U16w 2019"]
[Site "Willingen"]
[Date "2019.06.09"]
[Round "1.6"]
[White "Basovskiy, Jana"]
[Black "Peschel, Julia"]
[Result "1-0"]
[ECO "C54"]
[WhiteElo "1761"]
[BlackElo "1275"]
[Annotator "NA"]
[PlyCount "99"]
[EventDate "2019.06.07"]
[EventType "swiss"]
[EventRounds "9"]
[EventCountry "GER"]
[SourceTitle "playchess.com"]
[Source "ChessBase"]
[SourceQuality "1"]
[TimeControl "40/5400+30:1800+30"]

1. e4 e5 2. Nf3 Nc6 3. Bc4 Bc5 4. c3 Nf6 5. d3 a6 6. Nbd2 Ba7 7. O-O d6 8. Bb3 O-O 9. h3 h6 10. Re1 Re8 11. Nf1 Be6 12. Ng3 d5 13. Qe2 Qd7 14. Rd1 Rad8 15. Nh4 dxe4 16. dxe4 Qc8 17. Be3 Bxe3 18. Qxe3 Bxb3 19. axb3 Qe6 20. b4 Qb3 21. Qe2 Ne7 22. Rd2 Rxd2 23. Qxd2 Nc8 24. Nhf5 Nd6 25. Nxd6 cxd6 26. Ra3 Qe6 27. Ra5 Rd8 28. b5 axb5 29. Rxb5 Rd7 30. Qe2 Rc7 31. Qd1 Rd7 32. Qa4 Kh7 33. Qb4 Rc7 34. Rxb7 Rc4 35. Qb6 Ra4 36. Kh2 Ra1 37. Qc7 Kg6 38. f3 Rc1 39. Ne2 Rc2 40. f4 Qa2 41. f5+ Kh7 42. Ng3 Rxb2 43. Rxb2 Qxb2 44. c4 Kg8 45. Qd8+ Kh7 46. Qxd6 Qd4 47. Qc6 Nd7 48. Qd5 Nb6 49. Qxf7 Qxc4 50. Qg6+ {[%emt 0:00:00] normal} 1-0

[Event "GER-ch Youth U16w 2019"]
[Site "Willingen"]
[Date "2019.06.09"]
[Round "1.7"]
[White "Dietz, Helena"]
[Black "Brunner, Sophia"]
[Result "0-1"]
[ECO "A45"]
[WhiteElo "1534"]
[BlackElo "1839"]
[Annotator "NA"]
[PlyCount "64"]
[EventDate "2019.06.07"]
[EventType "swiss"]
[EventRounds "9"]
[EventCountry "GER"]
[SourceTitle "playchess.com"]
[Source "ChessBase"]
[SourceQuality "1"]
[TimeControl "40/5400+30:1800+30"]

1. d4 Nf6 2. Bf4 d5 3. e3 c5 4. c3 Nc6 5. Bd3 e6 6. Nf3 Bd6 7. Bg3 O-O 8. Nbd2 Re8 9. Bc2 e5 10. dxc5 Bxc5 11. Nb3 Bb6 12. h3 Bc7 13. Bh4 Ne7 14. Bxf6 gxf6 15. Nfd2 Bf5 16. Bxf5 Nxf5 17. Qg4+ Ng7 18. O-O-O f5 19. Qe2 Qf6 20. Nf3 Rad8 21. Rd2 a6 22. Rhd1 Qc6 23. Rc2 b5 24. Nfd2 Re7 25. Nf3 a5 26. g4 a4 27. Nbd2 Re6 28. Rg1 fxg4 29. Rxg4 Rg6 30. Nh4 Rxg4 31. Qxg4 Qd7 32. Nf5 Qxf5 {[%emt 0:00:07] normal} 0-1

[Event "GER-ch Youth U16w 2019"]
[Site "Willingen"]
[Date "2019.06.09"]
[Round "1.8"]
[White "Rudolph, Eva"]
[Black "Jacoby, Angelina"]
[Result "1-0"]
[ECO "B00"]
[WhiteElo "1786"]
[BlackElo "1412"]
[Annotator "NA"]
[PlyCount "79"]
[EventDate "2019.06.07"]
[EventType "swiss"]
[EventRounds "9"]
[EventCountry "GER"]
[SourceTitle "playchess.com"]
[Source "ChessBase"]
[SourceQuality "1"]
[TimeControl "40/5400+30:1800+30"]

1. e4 d6 2. d4 g6 3. Nc3 Nd7 4. Be3 c6 5. Qd2 Ngf6 6. f3 b5 7. O-O-O Qa5 8. Kb1 a6 9. Bd3 e5 10. dxe5 Nxe5 11. Nd5 Qxd2 12. Nxf6+ Ke7 13. Rxd2 Kxf6 14. f4 Nxd3 15. Bd4+ Ke7 16. Bxh8 Nxf4 17. e5 d5 18. Bf6+ Ke6 19. Nf3 Bh6 20. Ng5+ Bxg5 21. Bxg5 Kxe5 22. Re1+ Kf5 23. Bxf4 Kxf4 24. Rf2+ Kg5 25. Rxf7 h6 26. Rc7 Bf5 27. Rxc6 Be4 28. b3 Kh4 29. Kb2 a5 30. Re2 h5 31. a3 g5 32. Rb6 b4 33. axb4 axb4 34. Rxb4 g4 35. Rbxe4 dxe4 36. Rxe4 Kg5 37. Re5+ Kg6 38. c4 h4 39. b4 Kf6 40. Rh5 {[%emt 0:00:32] normal} 1-0

[Event "GER-ch Youth U16w 2019"]
[Site "Willingen"]
[Date "2019.06.09"]
[Round "1.9"]
[White "Wucherer, Sophie"]
[Black "Sokolowski, Judith"]
[Result "1/2-1/2"]
[ECO "D37"]
[WhiteElo "1496"]
[BlackElo "1749"]
[Annotator "NA"]
[PlyCount "88"]
[EventDate "2019.06.07"]
[EventType "swiss"]
[EventRounds "9"]
[EventCountry "GER"]
[SourceTitle "playchess.com"]
[Source "ChessBase"]
[SourceQuality "1"]
[TimeControl "40/5400+30:1800+30"]

1. d4 d5 2. Nf3 Nf6 3. c4 e6 4. Nc3 Nbd7 5. Bf4 dxc4 6. e3 Nd5 7. Bxc4 Nxf4 8. exf4 Nb6 9. Bd3 Bd6 10. Ne5 Bxe5 11. dxe5 O-O 12. Qf3 Qe7 13. O-O Rb8 14. Qg3 Bd7 15. Ne4 Nd5 16. Rac1 Rbc8 17. Rc5 f5 18. exf6 Nxf6 19. Qh4 Nd5 20. Qxe7 Nxe7 21. Rfc1 Bc6 22. Ng5 g6 23. Nxe6 Rf6 24. Bc4 Kh8 25. Re1 Nf5 26. g3 Re8 27. Rce5 Re7 28. Ng5 Rd7 29. Re8+ Kg7 30. Be6 Re7 31. Rxe7+ Nxe7 32. a3 h6 33. Nh3 Nd5 34. Bg4 Nb6 35. Re7+ Rf7 36. Re3 Na4 37. b4 Nb6 38. Kf1 Nd5 39. Rd3 Nf6 40. Be2 Bb5 41. Rd2 Bd7 42. Ng1 Ne4 43. Rd4 Nc3 44. Bf3 Bb5+ {normal} 1/2-1/2

[Event "GER-ch Youth U16w 2019"]
[Site "Willingen"]
[Date "2019.06.09"]
[Round "1.10"]
[White "Wagner, Victoria"]
[Black "Huppert, Anna"]
[Result "1-0"]
[ECO "C00"]
[WhiteElo "1808"]
[BlackElo "1515"]
[Annotator "NA"]
[PlyCount "79"]
[EventDate "2019.06.07"]
[EventType "swiss"]
[EventRounds "9"]
[EventCountry "GER"]
[SourceTitle "playchess.com"]
[Source "ChessBase"]
[SourceQuality "1"]
[TimeControl "40/5400+30:1800+30"]

1. e4 e6 2. Qe2 Be7 3. Nf3 d5 4. exd5 exd5 5. d4 Nf6 6. g3 Nc6 7. Bg2 Bf5 8. c3 O-O 9. O-O Re8 10. Qd1 Bd6 11. Bg5 Re6 12. Nh4 Be4 13. f3 Bxb1 14. Rxb1 Qd7 15. Bh3 Be7 16. Bxe6 Qxe6 17. Ng2 Qd7 18. Re1 h6 19. Bxf6 Bxf6 20. Ne3 Rd8 21. Kg2 Ne7 22. Ng4 Qd6 23. Qb3 b6 24. Nxf6+ Qxf6 25. Re5 c6 26. Rbe1 Ng6 27. R5e3 Qg5 28. Qa4 Qf5 29. Qxc6 Kh7 30. Qa4 a5 31. Qb3 Rb8 32. Qa3 Qd7 33. b3 Rc8 34. Qc1 b5 35. Qb1 Kg8 36. Qd3 Kh8 37. Qe2 Kh7 38. h4 h5 39. f4 f5 40. Qxh5+ {[%emt 0:00:21] normal} 1-0

[Event "GER-ch Youth U16w 2019"]
[Site "Willingen"]
[Date "2019.06.09"]
[Round "1.11"]
[White "Sinnhoefer, Lilian"]
[Black "Rothenberg, Nina"]
[Result "0-1"]
[ECO "B24"]
[WhiteElo "1396"]
[BlackElo "1653"]
[Annotator "NA"]
[PlyCount "71"]
[EventDate "2019.06.07"]
[EventType "swiss"]
[EventRounds "9"]
[EventCountry "GER"]
[SourceTitle "playchess.com"]
[Source "ChessBase"]
[SourceQuality "1"]
[TimeControl "40/5400+30:1800+30"]

1. e4 c5 2. Nc3 Nc6 3. Nf3 g6 4. Bc4 Bg7 5. d3 d6 6. Be3 Nf6 7. Ng5 O-O 8. Qd2 a6 9. a3 b5 10. Bb3 Nd4 11. Ba2 Rb8 12. b4 Ng4 13. O-O Ne5 14. Bxd4 cxd4 15. Ne2 h6 16. Nf3 Nxf3+ 17. gxf3 Bh3 18. Rfe1 Kh7 19. Rad1 Rc8 20. Bb3 e5 21. Ng3 h5 22. f4 Bh6 23. f3 Bxf4 24. Qe2 Qg5 25. Kh1 Be3 26. Rg1 Bxg1 27. Rxg1 Qf6 28. Nf1 Be6 29. Nd2 Rc7 30. Bxe6 fxe6 31. Rc1 Qf4 32. Kg2 Rfc8 33. Qd1 d5 34. h3 Rc3 35. exd5 exd5 36. Kg1 {[%emt 0:00:33] normal} 0-1

[Event "GER-ch Youth U16w 2019"]
[Site "Willingen"]
[Date "2019.06.09"]
[Round "1.12"]
[White "Klemke, Kassandra"]
[Black "Genova, Magdalina"]
[Result "1-0"]
[ECO "B98"]
[WhiteElo "1662"]
[BlackElo "1421"]
[Annotator "NA"]
[PlyCount "101"]
[EventDate "2019.06.07"]
[EventType "swiss"]
[EventRounds "9"]
[EventCountry "GER"]
[SourceTitle "playchess.com"]
[Source "ChessBase"]
[SourceQuality "1"]
[TimeControl "40/5400+30:1800+30"]

1. e4 c5 2. Nf3 d6 3. d4 cxd4 4. Nxd4 Nf6 5. Nc3 a6 6. Bg5 e6 7. f4 Be7 8. Qf3 Qc7 9. O-O-O h6 10. Bh4 b5 11. Bd3 Bb7 12. Rhe1 Nbd7 13. Qg3 O-O 14. e5 dxe5 15. fxe5 Nd5 16. Nxd5 Bxh4 17. Nxc7 Bxg3 18. hxg3 Rac8 19. Nxa6 Bxa6 20. Bxb5 Nc5 21. Bxa6 Nxa6 22. a3 Rc7 23. Nb5 Rc6 24. Nd6 Rb8 25. Rf1 Rc7 26. Rf3 Nc5 27. Kb1 Na4 28. Rb3 Rxb3 29. cxb3 Nb6 30. Rc1 Ra7 31. Nc8 Rb7 32. Nxb6 Rxb6 33. b4 Kf8 34. Rc4 Rb5 35. Rc5 Rb7 36. Kc2 Rd7 37. b5 f6 38. b6 Rb7 39. Rb5 fxe5 40. a4 e4 41. a5 e3 42. Re5 Ke7 43. Rxe3 Kd6 44. b4 Kc6 45. Rxe6+ Kb5 46. Kb3 Rd7 47. Re5+ Ka6 48. Rc5 Kb7 49. Rc7+ Rxc7 50. bxc7 Kxc7 51. Kc4 {[%emt 0:00:00] normal} 1-0

[Event "GER-ch Youth U16w 2019"]
[Site "Willingen"]
[Date "2019.06.09"]
[Round "1.13"]
[White "Zell, Hannah"]
[Black "Ziegenfuss, Larissa"]
[Result "1/2-1/2"]
[ECO "B20"]
[WhiteElo "1473"]
[BlackElo "1771"]
[Annotator "NA"]
[PlyCount "102"]
[EventDate "2019.06.07"]
[EventType "swiss"]
[EventRounds "9"]
[EventCountry "GER"]
[SourceTitle "playchess.com"]
[Source "ChessBase"]
[SourceQuality "1"]
[TimeControl "40/5400+30:1800+30"]

1. e4 c5 2. b3 Nc6 3. Nc3 e6 4. Bb2 a6 5. a4 Nf6 6. Nf3 d6 7. Be2 Be7 8. d3 Qc7 9. O-O O-O 10. d4 cxd4 11. Nxd4 Nxd4 12. Qxd4 b6 13. Ba3 e5 14. Qd2 Bb7 15. f3 Rac8 16. Bc4 Rfd8 17. Rfd1 Bf8 18. Nd5 Nxd5 19. exd5 g6 20. Ra2 Bg7 21. Be2 f5 22. c4 a5 23. Bd3 Re8 24. Re1 Re7 25. Re2 Rce8 26. Qe1 Bc8 27. h3 Bh6 28. Kh2 Bf4+ 29. g3 Bg5 30. Ra1 f4 31. g4 Qd7 32. Be4 Rf7 33. Kg1 Qd8 34. Rh2 Bh4 35. Qe2 Kg7 36. Kg2 Rh8 37. Bd3 Qe7 38. Qe4 Qf6 39. Kf1 Bg3 40. Rh1 h5 41. Kg2 Rd7 42. Bc2 Rdd8 43. Rab1 Rh6 44. Rbg1 hxg4 45. hxg4 Rdh8 46. Rxh6 Rxh6 47. Kf1 Rh2 48. Rg2 Rxg2 49. Kxg2 Bd7 50. Kf1 Be8 51. Ke2 Bh4 {[%emt 0:01:48] normal} 1/2-1/2

[Event "GER-ch Youth U16w 2019"]
[Site "Willingen"]
[Date "2019.06.09"]
[Round "2.1"]
[White "Muedder, Melanie"]
[Black "Rudolph, Eva"]
[Result "1-0"]
[ECO "C42"]
[WhiteElo "1912"]
[BlackElo "1786"]
[Annotator "NA"]
[PlyCount "51"]
[EventDate "2019.06.07"]
[EventType "swiss"]
[EventRounds "9"]
[EventCountry "GER"]
[SourceTitle "playchess.com"]
[Source "ChessBase"]
[SourceQuality "1"]
[TimeControl "40/5400+30:1800+30"]

1. e4 e5 2. Nf3 Nf6 3. Nxe5 d6 4. Nf3 Nxe4 5. Nc3 Nxc3 6. dxc3 Be7 7. Be3 Nc6 8. Bd3 Be6 9. Qe2 Qd7 10. O-O-O Bf6 11. Kb1 a6 12. h3 O-O-O 13. Bxa6 bxa6 14. Qxa6+ Kb8 15. c4 Bf5 16. Rd5 Bxc2+ 17. Ka1 Nd4 18. Nxd4 Bxd4 19. Rb5+ Qxb5 20. Qxb5+ Bb6 21. Bxb6 cxb6 22. Qxb6+ Ka8 23. Re1 Rd7 24. Qc6+ Rb7 25. Re7 Rhb8 26. Qa6+ {[%emt 0:00:08] normal} 1-0

[Event "GER-ch Youth U16w 2019"]
[Site "Willingen"]
[Date "2019.06.09"]
[Round "2.2"]
[White "Brunner, Sophia"]
[Black "Bui, Ngoc Han Julia"]
[Result "1/2-1/2"]
[ECO "A49"]
[WhiteElo "1839"]
[BlackElo "1973"]
[Annotator "NA"]
[PlyCount "40"]
[EventDate "2019.06.07"]
[EventType "swiss"]
[EventRounds "9"]
[EventCountry "GER"]
[SourceTitle "playchess.com"]
[Source "ChessBase"]
[SourceQuality "1"]
[TimeControl "40/5400+30:1800+30"]

1. d4 Nf6 2. Nf3 g6 3. g3 Bg7 4. Bg2 O-O 5. O-O d6 6. c4 Nfd7 7. d5 Nb6 8. Qc2 c6 9. Rd1 Qc7 10. Qb3 N8d7 11. Be3 cxd5 12. cxd5 Qc4 13. Nbd2 Qxb3 14. Nxb3 Nc4 15. Bd4 Nxb2 16. Bxg7 Kxg7 17. Rd4 b5 18. Na5 Ba6 19. Rb4 Na4 20. Nd4 Nf6 {[%emt 0:06:05] normal} 1/2-1/2

[Event "GER-ch Youth U16w 2019"]
[Site "Willingen"]
[Date "2019.06.09"]
[Round "2.3"]
[White "Wagner, Victoria"]
[Black "Khamenya, Vitalia"]
[Result "1-0"]
[ECO "C50"]
[WhiteElo "1808"]
[BlackElo "1877"]
[Annotator "NA"]
[PlyCount "61"]
[EventDate "2019.06.07"]
[EventType "swiss"]
[EventRounds "9"]
[EventCountry "GER"]
[SourceTitle "playchess.com"]
[Source "ChessBase"]
[SourceQuality "1"]
[TimeControl "40/5400+30:1800+30"]

1. e4 e5 2. Nf3 Nc6 3. Bc4 Bc5 4. O-O Nf6 5. d3 d6 6. c3 O-O 7. a4 a6 8. h3 h6 9. Re1 Ba7 10. Nbd2 Ne7 11. Nf1 Ng6 12. Ng3 Re8 13. Qc2 Be6 14. Bxe6 Rxe6 15. Nf5 Nh5 16. d4 Nhf4 17. Kh2 Re8 18. g3 Ne6 19. d5 Nef8 20. Bd2 Ne7 21. Nxe7+ Qxe7 22. Rf1 Ng6 23. Qc1 Kh7 24. h4 Qd7 25. Qd1 Kg8 26. h5 Ne7 27. Nh4 Kh7 28. f4 exf4 29. Rxf4 Ng8 30. Qf3 Nf6 31. Nf5 {[%emt 0:04:19] normal} 1-0

[Event "GER-ch Youth U16w 2019"]
[Site "Willingen"]
[Date "2019.06.09"]
[Round "2.4"]
[White "Bardorz, Jana"]
[Black "Klemke, Kassandra"]
[Result "1-0"]
[ECO "B90"]
[WhiteElo "1769"]
[BlackElo "1662"]
[Annotator "NA"]
[PlyCount "26"]
[EventDate "2019.06.07"]
[EventType "swiss"]
[EventRounds "9"]
[EventCountry "GER"]
[SourceTitle "playchess.com"]
[Source "ChessBase"]
[SourceQuality "1"]
[TimeControl "40/5400+30:1800+30"]

1. e4 c5 2. Nf3 d6 3. d4 cxd4 4. Nxd4 Nf6 5. Nc3 a6 6. Bd3 e6 7. O-O Qc7 8. Kh1 b5 9. f4 Bb7 10. a3 Nbd7 11. Qf3 Nc5 12. Be3 d5 13. e5 Nfe4 {[%emt 0:07:52] normal} 1-0

[Event "GER-ch Youth U16w 2019"]
[Site "Willingen"]
[Date "2019.06.09"]
[Round "2.5"]
[White "Rothenberg, Nina"]
[Black "Basovskiy, Jana"]
[Result "1-0"]
[ECO "B23"]
[WhiteElo "1653"]
[BlackElo "1761"]
[Annotator "NA"]
[PlyCount "62"]
[EventDate "2019.06.07"]
[EventType "swiss"]
[EventRounds "9"]
[EventCountry "GER"]
[SourceTitle "playchess.com"]
[Source "ChessBase"]
[SourceQuality "1"]
[TimeControl "40/5400+30:1800+30"]

1. e4 c5 2. Nc3 e6 3. g3 Nc6 4. Bg2 Nf6 5. d3 Be7 6. f4 d5 7. e5 Nd7 8. Nf3 Rb8 9. a4 a6 10. O-O O-O 11. d4 cxd4 12. Ne2 Bc5 13. Nfxd4 b5 14. axb5 axb5 15. Kh1 Nxd4 16. Nxd4 Qb6 17. Nb3 Be7 18. Qe2 Nc5 19. Be3 Qc7 20. Nd4 Bd7 21. Ra2 Na4 22. Rfa1 Rfc8 23. Qd2 Nb6 24. b3 Rb7 25. Bf1 Bc5 26. Nxb5 Bxe3 27. Qxe3 Bxb5 28. Bxb5 Rbb8 29. Bd3 g6 30. Qd4 Nd7 31. Ra7 Qc5 {[%emt 0:00:07] normal} 1-0

[Event "GER-ch Youth U16w 2019"]
[Site "Willingen"]
[Date "2019.06.09"]
[Round "2.6"]
[White "Sokolowski, Judith"]
[Black "Fock, Amina"]
[Result "0-1"]
[ECO "B22"]
[WhiteElo "1749"]
[BlackElo "1723"]
[Annotator "NA"]
[PlyCount "62"]
[EventDate "2019.06.07"]
[EventType "swiss"]
[EventRounds "9"]
[EventCountry "GER"]
[SourceTitle "playchess.com"]
[Source "ChessBase"]
[SourceQuality "1"]
[TimeControl "40/5400+30:1800+30"]

1. e4 c5 2. c3 d5 3. exd5 Qxd5 4. d4 cxd4 5. cxd4 Nc6 6. Be3 e6 7. Nf3 Nf6 8. Nc3 Qd8 9. a3 Be7 10. Bd3 O-O 11. O-O b6 12. Qe2 a6 13. Rfd1 Bb7 14. Rac1 Nd5 15. Qc2 Nxe3 16. fxe3 g6 17. Qf2 Bf6 18. Ne4 Bg7 19. Qg3 Ne7 20. Qc7 Bxe4 21. Bxe4 Nd5 22. Qxd8 Raxd8 23. Rc6 Nxe3 24. Rd3 Nd5 25. Bxd5 Rxd5 26. Rb3 a5 27. Rbxb6 Bxd4+ 28. Nxd4 Rxd4 29. Rc2 a4 30. b3 axb3 31. Rxb3 Ra8 {[%emt 0:00:45] normal} 0-1

[Event "GER-ch Youth U16w 2019"]
[Site "Willingen"]
[Date "2019.06.09"]
[Round "2.7"]
[White "Ziegenfuss, Larissa"]
[Black "Wucherer, Sophie"]
[Result "1-0"]
[ECO "B42"]
[WhiteElo "1771"]
[BlackElo "1496"]
[Annotator "NA"]
[PlyCount "42"]
[EventDate "2019.06.07"]
[EventType "swiss"]
[EventRounds "9"]
[EventCountry "GER"]
[SourceTitle "playchess.com"]
[Source "ChessBase"]
[SourceQuality "1"]
[TimeControl "40/5400+30:1800+30"]

1. e4 c5 2. Nf3 e6 3. d4 cxd4 4. Nxd4 a6 5. Bd3 Nf6 6. O-O Qc7 7. Qe2 d6 8. c4 b6 9. Nd2 Nbd7 10. b3 Be7 11. Bb2 O-O 12. f4 Bb7 13. f5 exf5 14. Nxf5 Bd8 15. Rae1 Re8 16. Qf3 Ne5 17. Qe2 Rc8 18. Bb1 Qb8 19. Ba3 Bc7 20. Qf2 Re6 21. Qg3 Ng6 {[%emt 0:00:38] normal} 1-0

[Event "GER-ch Youth U16w 2019"]
[Site "Willingen"]
[Date "2019.06.09"]
[Round "2.8"]
[White "Glinzner, Alva"]
[Black "Zell, Hannah"]
[Result "1-0"]
[ECO "B01"]
[WhiteElo "1833"]
[BlackElo "1473"]
[Annotator "NA"]
[PlyCount "73"]
[EventDate "2019.06.07"]
[EventType "swiss"]
[EventRounds "9"]
[EventCountry "GER"]
[SourceTitle "playchess.com"]
[Source "ChessBase"]
[SourceQuality "1"]
[TimeControl "40/5400+30:1800+30"]

1. e4 d5 2. exd5 Nf6 3. d4 Nxd5 4. Nf3 Bf5 5. c3 c6 6. Be2 g6 7. O-O Bg7 8. Na3 O-O 9. Nc4 Nd7 10. Ne3 Be4 11. Ng5 N7f6 12. Nxe4 Nxe4 13. Bc4 e6 14. Ng4 h5 15. Ne5 Nd6 16. Bd3 Rc8 17. Qe2 b6 18. Nxg6 fxg6 19. Qxe6+ Kh8 20. Qxg6 Nf6 21. Bg5 Qe8 22. Bxf6 Qxg6 23. Bxg6 Rxf6 24. Bxh5 Kh7 25. Rae1 Rc7 26. f4 Bf8 27. Bf3 Rxf4 28. Bxc6 Bh6 29. Bf3 Nc4 30. Re2 Rff7 31. Rfe1 Nd6 32. Re6 Nc8 33. Be4+ Kg7 34. Rg6+ Kh7 35. Rxb6+ Kg7 36. Rg6+ Kh7 37. g3 {[%emt 0:05:31] normal} 1-0

[Event "GER-ch Youth U16w 2019"]
[Site "Willingen"]
[Date "2019.06.09"]
[Round "2.9"]
[White "Jacoby, Angelina"]
[Black "Meijerink, Inken"]
[Result "0-1"]
[ECO "D02"]
[WhiteElo "1412"]
[BlackElo "1681"]
[Annotator "NA"]
[PlyCount "92"]
[EventDate "2019.06.07"]
[EventType "swiss"]
[EventRounds "9"]
[EventCountry "GER"]
[SourceTitle "playchess.com"]
[Source "ChessBase"]
[SourceQuality "1"]
[TimeControl "40/5400+30:1800+30"]

1. d4 Nf6 2. Nf3 d5 3. Bf4 c5 4. e3 Nc6 5. Nbd2 e6 6. c3 Bd6 7. Bg3 O-O 8. Bd3 Re8 9. Ne5 Qc7 10. f4 c4 11. Bc2 b5 12. O-O a5 13. Bh4 h6 14. Bxf6 gxf6 15. Nxc6 Qxc6 16. Qh5 Kf8 17. Qxh6+ Ke7 18. Rf3 f5 19. Rg3 Bb7 20. Rg7 Rf8 21. Qg5+ Kd7 22. Nf3 Kc7 23. h4 Rae8 24. Ne5 Bxe5 25. fxe5 Qd7 26. Rf1 Qd8 27. Qxd8+ Kxd8 28. Rf3 Ke7 29. h5 Rh8 30. Rh3 Reg8 31. h6 Rxg7 32. hxg7 Rg8 33. Rg3 f6 34. Bd1 Bc6 35. Bh5 fxe5 36. dxe5 Be8 37. Bxe8 Kxe8 38. Kf2 Kf7 39. Kf3 Rxg7 40. Rxg7+ Kxg7 41. Kf4 a4 42. Kg5 b4 43. Kf4 a3 44. bxa3 bxc3 45. e4 c2 46. exf5 c1=Q+ {[%emt 0:00:13] normal} 0-1

[Event "GER-ch Youth U16w 2019"]
[Site "Willingen"]
[Date "2019.06.09"]
[Round "2.10"]
[White "Schneider, Katharina"]
[Black "Dietz, Helena"]
[Result "1-0"]
[ECO "B00"]
[WhiteElo "1784"]
[BlackElo "1534"]
[Annotator "NA"]
[PlyCount "43"]
[EventDate "2019.06.07"]
[EventType "swiss"]
[EventRounds "9"]
[EventCountry "GER"]
[SourceTitle "playchess.com"]
[Source "ChessBase"]
[SourceQuality "1"]
[TimeControl "40/5400+30:1800+30"]

1. e4 d6 2. Bc4 Nf6 3. d3 g6 4. Nc3 Bg7 5. f4 O-O 6. Nf3 c5 7. O-O Na6 8. Qe1 Nc7 9. Qh4 e6 10. Bb3 Rb8 11. Ng5 h6 12. Nh3 Nh5 13. Qg4 Nf6 14. Qf3 b5 15. g4 Nh7 16. Qg3 Bd4+ 17. Kh1 Qf6 18. Bd2 b4 19. Na4 Bxb2 20. Nxb2 Qxb2 21. f5 g5 22. Qxd6 {[%emt 0:01:31] normal} 1-0